 Dungeon Crawl Stone Soup version 0.21-a0-348-ga060c75 (webtiles) character file.

3679 crawlcharacter the Severer (level 9, -1/70 HPs)
             Began as a Minotaur Berserker on Oct 6, 2017.
             Was an Elder of Trog.
             Slain by a two-headed ogre
             ... wielding a +0 giant club
              (18 damage)
             ... on level 8 of the Dungeon.
             The game lasted 00:14:41 (5489 turns).

crawlcharacter the Severer (Minotaur Berserker)     Turns: 5489, Time: 00:14:42

Health: -1/70      AC: 15    Str: 25    XL:     9   Next: 90%
Magic:  8/8        EV:  7    Int:  8    God:    Trog [****..]
Gold:   222        SH:  0    Dex: 10    Spells: 8/8 levels left

rFire    . . .     SeeInvis .   a - +0 battleaxe
rCold    . . .     Gourm    .   (shield currently unavailable)
rNeg     . . .     Faith    .   m - +1 plate armour of Duistys {Int+4}
rPois    .         Spirit   .   (helmet restricted)
rElec    .         Reflect  .   (no cloak)
rCorr    .         Harm     .   (no gloves)
MR       .....                  o - +0 pair of boots
Stlth    ..........             (no amulet)
HPRegen  0.21/turn              d - +2 ring of protection
MPRegen  0.11/turn              (no ring)

@: berserk cooldown, slowed, very slow
A: retaliatory headbutt, horns 2
a: Berserk, Trog's Hand, Brothers in Arms, Burn Spellbooks, Renounce Religion


You were on level 8 of the Dungeon.
You worshipped Trog.
Trog was greatly pleased with you.
You were not hungry.

You visited 1 branch of the dungeon, and saw 8 of its levels.

You collected 287 gold pieces.
You spent 65 gold pieces at shops.

Inventory:

Hand Weapons
 a - a +0 battleaxe (weapon)
 i - a +0 hand axe
Armour
 m - the +1 plate armour of Duistys (worn) {Int+4}
   (You found it on level 6 of the Dungeon)

   It affects your intelligence (+4).
 o - a +0 pair of boots (worn)
Jewellery
 d - a +2 ring of protection (left hand)
 y - an uncursed amulet of harm {unknown}
Wands
 r - a wand of acid (3/15)
 B - a wand of random effects (30/48)
 H - a wand of random effects (36/48)
Scrolls
 b - 10 scrolls of identify
 e - 3 scrolls of fear {unknown}
 h - a scroll of teleportation {unknown}
 j - 3 scrolls of remove curse
 l - a scroll of amnesia {unknown}
 t - a scroll of recharging {unknown}
 v - 3 scrolls of enchant armour {unknown}
 D - a scroll of magic mapping {unknown}
 F - a scroll of enchant weapon {unknown}
 I - a scroll of immolation {unknown}
Potions
 f - a potion of berserk rage {unknown}
 g - a potion of mutation {unknown}
 k - a potion of resistance {unknown}
 p - 4 potions of haste {unknown}
 q - a potion of agility {unknown}
 s - 4 potions of cancellation {unknown}
 u - 2 potions of heal wounds {unknown}
 x - a potion of might {unknown}
 z - a potion of degeneration {unknown}
 A - 4 potions of curing
 C - 2 potions of flight {unknown}
 E - a potion of brilliance {unknown}
 G - a potion of ambrosia {unknown}
Comestibles
 c - 7 bread rations
 n - 10 fruits
 w - 5 meat rations
 J - 2 chunks of flesh


   Skills:
 - Level 3.6 Fighting
 * Level 16.1 Axes
 - Level 2.4 Armour
 - Level 2.1 Dodging


You had 8 spell levels left.
You didn't know any spells.

Dungeon Overview and Level Annotations

Branches:
Dungeon (8/15)             Temple (0/1) D:4
   Lair: D:8-11

Altars:
Elyvilon
Fedhas
Kikubaaqudgha
Nemelex Xobeh
Uskayaw
Xom

Shops:
D:4 [   D:6 *(


Innate Abilities, Weirdness & Mutations

You reflexively headbutt those who attack you in melee.
You have a pair of horns on your head.


Message History

The two-headed ogre shouts in stereo!
A two-headed ogre is nearby!
Firing (i - inventory): No suitable missiles.
Press: ? - help, Shift-Dir - straight line, f - two-headed ogre
Aim: a two-headed ogre, wielding two giant clubs
Okay, then.
The two-headed ogre hits you with a giant club!!
The two-headed ogre hits you with a giant club.
You slice the two-headed ogre!!
The two-headed ogre is heavily wounded.
The two-headed ogre barely misses you.
The two-headed ogre hits you but does no damage.
You slash the two-headed ogre!
The two-headed ogre is severely wounded.
The two-headed ogre hits you with a giant club! x2
* * * LOW HITPOINT WARNING * * *
You barely miss the two-headed ogre. You headbutt the two-headed ogre!
The two-headed ogre is almost dead.
The two-headed ogre hits you with a giant club!!
You die...

... .# ...... ..# ......
### #.# ##.... ..##..
### #.....# .... ..#
..#....###.### #.# .
...........#.###.###.###
##....).......<......#
#...........@....#....
#....#.......O.......# #
.............#..........
..........[.............
..............#.........
..............#.........
.#.#.#.#.#....##########
.#.#.#)#$....#
.#)#.#......


You could see a two-headed ogre.

Vanquished Creatures
  A two-headed ogre (D:8)
  Joseph (D:7)
  Grinder (D:4)
  A hippogriff (D:7)
  Sigmund (D:3)
  A steam dragon (D:5)
  Menkaure (D:6)
  An ice beast (D:7)
  A black bear (D:8)
  2 orc warriors
  A phantom (D:6)
  2 ogres (D:7)
  2 centaurs
  A bullfrog (D:7)
  A gnoll sergeant (D:5)
  2 scorpions
  4 crimson imps
  A centaur skeleton (D:6)
  3 hounds
  A jelly (D:7)
  4 orc priests
  3 bullfrog skeletons
  An iguana (D:6)
  Ijyb (D:3)
  4 orc wizards
  2 worker ants
  7 gnolls
  6 adders
  An adder skeleton (D:4)
  5 worms
  4 dart slugs
  5 leopard geckos
  17 orcs
  A ball python (D:3)
  6 giant cockroaches
  3 goblins (D:1)
  9 hobgoblins
  10 jackals
  6 kobolds
  2 quokkas
  7 bats
  3 frilled lizards
  A quokka skeleton (D:6)
  A quokka zombie (D:5)
  8 rats
146 creatures vanquished.

Vanquished Creatures (others)
  A jackal (D:3)
1 creature vanquished.

Grand Total: 147 creatures vanquished

Notes
Turn   | Place    | Note
-------+----------+-------------------------------------------
     0 | D:1      | crawlcharacter the Minotaur Berserker began the quest for the Orb.
     0 | D:1      | Reached XP level 1. HP: 19/19 MP: 0/0
   114 | D:1      | Reached skill level 4 in Axes
   275 | D:1      | Reached XP level 2. HP: 22/26 MP: 1/1
   575 | D:1      | Reached skill level 5 in Axes
   911 | D:2      | Reached XP level 3. HP: 31/31 MP: 2/2
  1150 | D:2      | Reached ** piety under Trog
  1172 | D:2      | Reached skill level 6 in Axes
  1172 | D:2      | Reached XP level 4. HP: 32/39 MP: 3/3
  1719 | D:3      | Found a shimmering altar of Xom.
  1739 | D:3      | Noticed Ijyb
  1745 | D:3      | Killed Ijyb
  1745 | D:3      | Reached skill level 7 in Axes
  1745 | D:3      | Reached XP level 5. HP: 29/45 MP: 4/4
  1847 | D:3      | Found a sparkling altar of Nemelex Xobeh.
  1894 | D:3      | Reached *** piety under Trog
  2136 | D:3      | Noticed Sigmund
  2144 | D:3      | Killed Sigmund
  2144 | D:3      | Reached skill level 8 in Axes
  2144 | D:3      | Reached XP level 6. HP: 51/51 MP: 5/5
  2283 | D:4      | Found a staircase to the Ecumenical Temple.
  2291 | D:4      | Noticed Grinder
  2291 | D:4      | Paralysed by Grinder for 3 turns
  2302 | D:4      | Killed Grinder
  2302 | D:4      | Reached skill level 9 in Axes
  2302 | D:4      | Reached XP level 7. HP: 57/57 MP: 6/6
  2371 | D:4      | Reached skill level 10 in Axes
  2376 | D:4      | Found Vodul's Armour Shop.
  2629 | D:5      | Entered Level 5 of the Dungeon
  2774 | D:5      | Reached skill level 11 in Axes
  3000 | D:5      | Reached **** piety under Trog
  3011 | D:5      | Noticed a steam dragon
  3029 | D:5      | Reached XP level 8. HP: 23/64 MP: 7/7
  3454 | D:5      | Reached skill level 12 in Axes
  3525 | D:6      | Found Wekes's Weapon Shop.
  3560 | D:6      | Noticed Menkaure
  3575 | D:6      | Killed Menkaure
  3634 | D:6      | Reached skill level 13 in Axes
  3703 | D:6      | Got a bloodstained plate armour
  4085 | D:6      | Found a blossoming altar of Fedhas.
  4314 | D:6      | Found a hide-covered altar of Uskayaw.
  4314 | D:6      | Found a faded altar of an unknown god.
  4322 | D:6      | Found a faded altar of an unknown god.
  4324 | D:6      | Found a white marble altar of Elyvilon.
  4326 | D:6      | Found an ancient bone altar of Kikubaaqudgha.
  4358 | D:6      | Found Widial's General Store.
  4363 | D:6      | Bought a potion of curing for 39 gold pieces
  4363 | D:6      | Bought a scroll of identify for 26 gold pieces
  4392 | D:6      | Identified the cursed +1 plate armour of Duistys {Int+4} (You found it on level 6 of the Dungeon)
  4516 | D:7      | Noticed a hippogriff
  4525 | D:7      | Killed a hippogriff
  4525 | D:7      | Reached skill level 14 in Axes
  4525 | D:7      | Reached XP level 9. HP: 55/70 MP: 8/8
  4673 | D:7      | Noticed Joseph
  4688 | D:7      | Killed Joseph
  5136 | D:7      | Reached skill level 15 in Axes
  5451 | D:8      | Noticed a two-headed ogre
  5459 | D:8      | Killed a two-headed ogre
  5459 | D:8      | Reached skill level 16 in Axes
  5481 | D:8      | Noticed a two-headed ogre
  5489 | D:8      | Slain by a two-headed ogre

Vault maps used:
D:1:      dpeg_arrival_round_c
D:2:      first_bread
D:3:      lemuel_round_altar, nemelex_xobeh_ov_fountains_minmay, uniq_sigmund,
          uniq_ijyb
D:4:      minmay_temple_entry_large_hall, serial_shops, shop,
          grunt_ministairs_1, uniq_grinder
D:5:      lightli_minifort
D:6:      fedhas_altar_fruit_tree, chequers_temple_overflow_minitemple,
          serial_shops, kennysheep_little_box, shop_fountains, uniq_menkaure
D:7:      grunt_ogre_cave, uniq_joseph
D:8:      nicolae_overflow_hidden_temple, minivault_1, st_stairs_1, minivault_23

Skill      XL: |  1  2  3  4  5  6  7  8  9 |
---------------+----------------------------+-----
Axes           | 4 5 6 7 8 9 11 14 16 | 16.1
Fighting       | |  3.6
Armour         | |  2.4
Dodging        | |  2.1

Action                   |  1- 3 |  4- 6 |  7- 9 || total
-------------------------+-------+-------+-------++-------
Melee: Hand axe          |    67 |   107 |   266 ||   440
       Headbutt          |    11 |    19 |    49 ||    79
       Battleaxe         |       |       |    17 ||    17
Invok: Berserk           |     1 |     3 |     8 ||    12
       Burn Spellbooks   |       |     1 |       ||     1
  Use: Scroll            |     1 |       |     1 ||     2
  Eat: Chunk             |       |     6 |    13 ||    19
       Royal jelly       |       |       |     3 ||     3
Armor: Animal skin       |     2 |       |       ||     2
       Scale mail        |    10 |       |       ||    10
       Chain mail        |     2 |    48 |    85 ||   135
       Plate armour      |       |       |    65 ||    65
Dodge: Dodged            |    28 |    35 |    70 ||   133
Block: Buckler           |       |    11 |    24 ||    35

Table legend:
 A = Spawn XP
 B = Non-spawn XP
 C = Spawn XP percentage of total XP
 D = Spawn monster count
 E = Non-spawn monster count
 F = Spawn count percentage of total count
 G = Total turns spent on level
                    A         B        C        D         E        F      G
               +---------+---------+-------+---------+---------+-------+---------
         Total |       0 |    5256 |   0.0 |       0 |     146 |   0.0 |  5489
               +---------+---------+-------+---------+---------+-------+---------
           D:1 |       0 |      40 |   0.0 |       0 |      23 |   0.0 |   904
           D:2 |       0 |      95 |   0.0 |       0 |      17 |   0.0 |   581
           D:3 |       0 |     366 |   0.0 |       0 |      32 |   0.0 |   738
           D:4 |       0 |     543 |   0.0 |       0 |      10 |   0.0 |   406
           D:5 |       0 |     715 |   0.0 |       0 |      25 |   0.0 |   889
           D:6 |       0 |     801 |   0.0 |       0 |      18 |   0.0 |   880
           D:7 |       0 |    1611 |   0.0 |       0 |      18 |   0.0 |  1047
           D:8 |       0 |    1085 |   0.0 |       0 |       3 |   0.0 |    44
               +---------+---------+-------+---------+---------+-------+---------
